General information
- name: BNet
- type: Ladder team game (AT/RT)
- host: Battle.net
- saver: TheUSDollar
map: CopperCanyon
- players: 6
- length: 15:35
- speed: Fast
- version: 1.24 W3XP
- replay type: Public
» download(140 KB)
Players
team 1 (winner)

»
Doof. (
red | 94 APM | 1459 actions | 15:34)
4 Death Knight
2 Death Coil
2 Unholy Aura
3 Lich
2 Frost Nova
1 Frost Armor
2 Crypt Lord
1 Impale
1 Spiked Carapace
» actions
| Assign group hotkey | 30 | |
| Basic commands | 11 | |
| Build / train | 68 | |
| Enter build submenu | 18 | |
| Enter hero's abilities submenu | 9 | |
| Give item / drop item | 3 | |
| Right click | 524 | |
| Select / deselect | 238 | |
| Select group hotkey | 459 | |
| Use ability | 99 | |
1459 total
» units
| Acolyte | 7 | |
| Ghoul | 3 | |
| Crypt Fiend | 7 | |
| Obsidian Statue | 3 | |
| Frost Wyrm | 2 | |
22 total
» upgrades
| Creature Attack | 2 | |
| Burrow | 1 | |
| Destroyer Form | 1 | |
| Web | 1 | |
| Creature Carapace | 1 | |
| Ghoul Frenzy | 1 | |
7 total
» buildings
| Graveyard | 1 | |
| Crypt | 1 | |
| Altar of Darkness | 1 | |
| Ziggurat | 8 | |
| Tomb of Relics | 1 | |
| Nerubian Tower | 2 | |
| Spirit Tower | 3 | |
| Halls of the Dead | 2 | |
| Necropolis | 1 | |
| Black Citadel | 4 | |
| Sacrificial Pit | 1 | |
| Slaughterhouse | 1 | |
| Boneyard | 2 | |
28 total
» build order
00:22 Graveyard
00:25 Crypt
00:44 Altar of Darkness
00:58 Ziggurat
01:25 Tomb of Relics
02:03 Ziggurat
03:56 Ziggurat
04:37 Ziggurat
05:15 Nerubian Tower
05:16 Nerubian Tower
05:35 Spirit Tower
06:05 Halls of the Dead
06:17 Necropolis
06:19 Ziggurat
07:09 Ziggurat
07:19 Spirit Tower
07:21 Ziggurat
08:16 Spirit Tower
08:26 Black Citadel
08:26 Black Citadel
08:27 Black Citadel
09:05 Sacrificial Pit
09:07 Slaughterhouse
10:49 Boneyard
10:49 Boneyard
11:24 Ziggurat
» items
| Rod of Necromancy | 3 | |
| Sacrificial Skull | 1 | |
| Potion of Mana | 1 | |
| Orb of Corruption | 1 | |
| Scroll of Town Portal | 1 | |
| Scroll of Healing | 1 | |
8 total

»
onemanwolfpack (
orange | 99 APM | 1548 actions | 15:34)
3 Tauren Chieftain
2 Shockwave
1 Endurance Aura
2 Pandaren Brewmaster
1 Breath of Fire
1 Drunken Brawler
» actions
| Assign group hotkey | 77 | |
| Basic commands | 12 | |
| Build / train | 48 | |
| ESC pressed | 3 | |
| Enter build submenu | 20 | |
| Enter hero's abilities submenu | 5 | |
| Give item / drop item | 2 | |
| Right click | 665 | |
| Select / deselect | 236 | |
| Select group hotkey | 410 | |
| Use ability | 70 | |
1548 total
» units
| Peon | 9 | |
| Grunt | 6 | |
| Tauren | 4 | |
| Shaman | 3 | |
22 total
» upgrades
| Armor | 1 | |
| Spiked Barricades | 1 | |
| Berserker Strength | 1 | |
| Shaman Training | 2 | |
| Reinforced Defenses | 1 | |
| Pulverize | 1 | |
| Melee Weapons | 1 | |
8 total
» buildings
| Altar of Storms | 1 | |
| Orc Burrow | 5 | |
| Barracks | 1 | |
| Voodoo Lounge | 2 | |
| Stronghold | 1 | |
| War Mill | 1 | |
| Fortress | 1 | |
| Great Hall | 1 | |
| Spirit Lodge | 2 | |
| Watch Tower | 2 | |
| Tauren Totem | 1 | |
18 total
» build order
00:10 Altar of Storms
00:16 Orc Burrow
00:53 Barracks
01:32 Orc Burrow
02:03 Voodoo Lounge
03:26 Stronghold
04:25 Orc Burrow
04:56 War Mill
06:02 Orc Burrow
07:11 Fortress
07:31 Great Hall
07:45 Spirit Lodge
08:00 Watch Tower
08:01 Watch Tower
09:09 Spirit Lodge
10:06 Tauren Totem
12:49 Orc Burrow
13:00 Voodoo Lounge
» items
| Healing Salve | 5 | |
| Scroll of Town Portal | 2 | |
| Lesser Clarity Potion | 1 | |
| Scroll of Speed | 1 | |
9 total

»
TheUSDollar (
purple | 131 APM | 2045 actions | 15:35)
4 Tauren Chieftain
2 War Stomp
2 Endurance Aura
2 Shadow Hunter
1 Hex
1 Healing Wave
» actions
| Assign group hotkey | 18 | |
| Basic commands | 100 | |
| Build / train | 44 | |
| ESC pressed | 1 | |
| Enter build submenu | 10 | |
| Enter hero's abilities submenu | 7 | |
| Right click | 929 | |
| Select / deselect | 462 | |
| Select group hotkey | 430 | |
| Use ability | 44 | |
2045 total
» units
| Peon | 6 | |
| Troll Headhunter/Berserker | 17 | |
23 total
» upgrades
| Ranged Weapons | 3 | |
| Armor | 3 | |
| Berserker Upgrade | 1 | |
7 total
» buildings
| Altar of Storms | 1 | |
| Orc Burrow | 4 | |
| War Mill | 1 | |
| Barracks | 1 | |
| Voodoo Lounge | 2 | |
| Stronghold | 2 | |
| Fortress | 1 | |
| Great Hall | 1 | |
13 total
» build order
00:04 Altar of Storms
00:09 Orc Burrow
00:26 War Mill
01:08 Barracks
02:02 Orc Burrow
02:25 Voodoo Lounge
03:16 Voodoo Lounge
05:13 Stronghold
05:13 Stronghold
05:42 Orc Burrow
11:22 Fortress
12:15 Orc Burrow
13:19 Great Hall
» items
| Healing Salve | 1 | |
| Scroll of Town Portal | 1 | |
| Lesser Clarity Potion | 1 | |
3 total
team 2 (loser)
Jason_live (
yellow | 65 APM | 1013 actions | 15:33)
2 Blademaster
1 Wind Walk
1 Critical Strike
» actions
| Assign group hotkey | 48 | |
| Basic commands | 11 | |
| Build / train | 46 | |
| Enter build submenu | 16 | |
| Enter hero's abilities submenu | 2 | |
| Right click | 239 | |
| Select / deselect | 191 | |
| Select group hotkey | 411 | |
| Use ability | 49 | |
1013 total
» units
| Peon | 7 | |
| Grunt | 4 | |
| Troll Headhunter/Berserker | 7 | |
| Demolisher | 3 | |
| Raider | 5 | |
| Troll Batrider | 1 | |
27 total
» upgrades
| Pillage | 1 | |
| Armor | 1 | |
| Ensnare | 1 | |
| Berserker Strength | 1 | |
| Troll Regeneration | 1 | |
5 total
» buildings
| Orc Burrow | 6 | |
| Altar of Storms | 1 | |
| Barracks | 2 | |
| Voodoo Lounge | 1 | |
| War Mill | 1 | |
| Stronghold | 1 | |
| Watch Tower | 1 | |
| Beastiary | 1 | |
| Fortress | 1 | |
| Spirit Lodge | 1 | |
16 total
» build order
00:16 Orc Burrow
00:21 Altar of Storms
00:55 Barracks
01:42 Orc Burrow
01:56 Voodoo Lounge
02:38 War Mill
03:36 Stronghold
04:09 Orc Burrow
04:21 Watch Tower
05:14 Barracks
05:49 Orc Burrow
06:59 Beastiary
09:13 Orc Burrow
12:06 Orc Burrow
12:59 Fortress
13:10 Spirit Lodge
» items
| Healing Salve | 4 | |
| Scroll of Speed | 3 | |
| Potion of Healing | 1 | |
| Scroll of Town Portal | 1 | |
9 total
MachinBidule (
teal | 173 APM | 2654 actions | 15:21)
3 Death Knight
2 Death Coil
1 Unholy Aura
2 Lich
1 Frost Nova
1 Frost Armor
1 Crypt Lord
1 Impale
» actions
| Assign group hotkey | 27 | |
| Basic commands | 109 | |
| Build / train | 47 | |
| Enter build submenu | 16 | |
| Enter hero's abilities submenu | 7 | |
| Give item / drop item | 7 | |
| Right click | 1012 | |
| Select / deselect | 333 | |
| Select group hotkey | 917 | |
| Use ability | 179 | |
2654 total
» units
| Acolyte | 7 | |
| Ghoul | 4 | |
| Crypt Fiend | 6 | |
| Obsidian Statue | 3 | |
20 total
» upgrades
| Creature Attack | 1 | |
| Burrow | 1 | |
| Destroyer Form | 1 | |
3 total
» buildings
| Graveyard | 1 | |
| Crypt | 1 | |
| Altar of Darkness | 2 | |
| Ziggurat | 6 | |
| Tomb of Relics | 1 | |
| Nerubian Tower | 2 | |
| Halls of the Dead | 3 | |
| Black Citadel | 1 | |
| Slaughterhouse | 2 | |
| Sacrificial Pit | 1 | |
20 total
» build order
00:05 Graveyard
00:07 Crypt
00:40 Altar of Darkness
00:56 Ziggurat
01:24 Tomb of Relics
02:01 Ziggurat
02:32 Nerubian Tower
02:33 Nerubian Tower
03:50 Halls of the Dead
03:50 Halls of the Dead
04:13 Ziggurat
06:42 Black Citadel
07:09 Slaughterhouse
07:12 Ziggurat
08:59 Ziggurat
11:09 Altar of Darkness
13:43 Sacrificial Pit
13:44 Ziggurat
13:47 Slaughterhouse
» items
| Rod of Necromancy | 3 | |
| Scroll of Protection | 1 | |
| Scroll of Town Portal | 2 | |
| Sacrificial Skull | 1 | |
| Orb of Corruption | 2 | |
9 total
Tag-eule (
green | 87 APM | 1350 actions | 15:28)
2 Archmage
1 Summon Water Elemental
1 Brilliance Aura
1 Mountain King
1 Storm Bolt
» actions
| Assign group hotkey | 38 | |
| Build / train | 49 | |
| Enter build submenu | 24 | |
| Enter hero's abilities submenu | 3 | |
| Right click | 555 | |
| Select / deselect | 247 | |
| Select group hotkey | 366 | |
| Use ability | 68 | |
1350 total
» units
| Peasant | 16 | |
| Footman | 5 | |
| Priest | 4 | |
| Spell Breaker | 1 | |
| Mortar Team | 1 | |
| Dragonhawk Rider | 4 | |
31 total
» upgrades
| Lumber Harvesting | 1 | |
| Masonry | 1 | |
| Defend | 1 | |
3 total
» buildings
| Altar of Kings | 1 | |
| Farm | 9 | |
| Barracks | 1 | |
| Scout Tower | 2 | |
| Arcane Tower | 1 | |
| Arcane Vault | 1 | |
| Keep | 1 | |
| Blacksmith | 1 | |
| Town Hall | 1 | |
| Lumber Mill | 1 | |
| Arcane Sanctum | 1 | |
| Workshop | 2 | |
| Guard Tower | 1 | |
| Gryphon Aviary | 2 | |
25 total
» build order
00:08 Altar of Kings
00:20 Farm
00:26 Farm
00:41 Barracks
00:59 Farm
01:36 Farm
01:54 Scout Tower
02:24 Arcane Tower
02:51 Arcane Vault
03:15 Keep
04:46 Blacksmith
05:28 Town Hall
05:44 Lumber Mill
06:14 Farm
06:44 Farm
06:56 Scout Tower
07:41 Farm
08:00 Arcane Sanctum
09:15 Workshop
09:22 Workshop
10:26 Farm
10:53 Guard Tower
12:50 Gryphon Aviary
13:35 Gryphon Aviary
13:46 Farm
» items
| Scroll of Regeneration | 1 | |
| Lesser Clarity Potion | 1 | |
| Scroll of Town Portal | 3 | |
| Potion of Healing | 2 | |
7 total
Chat log
(00:22 / Allies) onemanwolfpack: yay an undead
(00:32 / Allies) onemanwolfpack: u want grunt or hh talons
(00:43 / Allies) TheUSDollar: warmill is up
(00:46 / Allies) onemanwolfpack: k
(02:21 / Allies) Doof.: 2 tcs
(02:23 / Allies) Doof.: :D
(02:25 / Allies) onemanwolfpack: im goin panda
(02:27 / Allies) onemanwolfpack: 2nd
(02:31 / Allies) TheUSDollar: two tcs double the stomps
(02:39 / Allies) Doof.: hes going wave
(02:40 / Allies) Doof.: i think
(02:52 / Allies) onemanwolfpack: hopefully they ahve mass archers or something
(03:29 / Allies) Doof.: im gonna expo
(03:33 / Allies) onemanwolfpack: k
(03:54 / Allies) onemanwolfpack: lol nice deny
(03:59 / Allies) TheUSDollar: kid sucks
(04:04 / Allies) TheUSDollar: generic bm kid
(04:05 / Allies) TheUSDollar: 8)
(07:59 / Allies) TheUSDollar: catas
(08:00 / Allies) TheUSDollar: lol
(08:38 / Allies) Doof.: b
(08:53 / Allies) Doof.: wood?
(09:01 / Allies) Doof.: ty
(09:54 / Allies) onemanwolfpack: wood plx
(10:08 / Allies) Doof.: care
(10:14 / Allies) onemanwolfpack: i go bot
(11:56 / Allies) Doof.: orb coming than hit
(13:47 / Allies) onemanwolfpack: zerkers?
(13:57 / Allies) Doof.: just end